 Dungeon Crawl Stone Soup version 0.22-a0-392-g5dc3fd9 (webtiles) character file.

64588 Serpenta the Cleaver (level 14, -10/115 HPs)
             Began as a Mummy Chaos Knight on May 2, 2018.
             Mangled by Frances
             ... wielding a +2 trident of pain
              (21 damage)
             ... on level 14 of the Dungeon.
             The game lasted 01:02:17 (31363 turns).

Serpenta the Cleaver (Mummy Chaos Knight)          Turns: 31363, Time: 01:02:18

Health: -10/115    AC: 13    Str: 24    XL:     14   Next: 72%
Magic:  18/18      EV: 10    Int: 14    God:    Xom [*.....]
Gold:   287        SH:  5    Dex: 11    Spells: 13/13 levels left

rFire    + . .     SeeInvis .   a - +4 war axe (elec)
rCold    + + .     Gourm    .   t - +2 buckler
rNeg     + + +     Faith    .   H - +1 plate armour {MR+}
rPois    ∞         Spirit   .   J - +2 helmet {Int+3}
rElec    .         Reflect  .   v - +0 cloak
rCorr    .         Harm     .   l - +0 pair of gloves
MR       ++...                  c - +0 pair of boots
Stlth    ..........             (no amulet)
HPRegen  0.29/turn              D - +5 ring of protection
MPRegen  0.16/turn              A - ring of Eshrifaso {rPois rF++ rC+ Str+3}

@: corroded
A: no food or potions, fire vulnerability, cold resistance 1, negative energy
resistance 3, torment resistance, unbreathing, in touch with death 1
a: Renounce Religion


You were on level 14 of the Dungeon.
You worshipped Xom.
You were a special plaything of Xom.
You were not hungry.

You visited 2 branches of the dungeon, and saw 21 of its levels.
You visited the Abyss 1 time.
You also visited: Labyrinth, Sewer and Ice Cave.

You collected 1820 gold pieces.
You spent 1533 gold pieces at shops.


Innate Abilities, Weirdness & Mutations

You do not eat or drink.
Your flesh is vulnerable to fire.
You are immune to poison.
Your flesh is cold resistant. (rC+)
You are immune to negative energy. (rN+++)
You are immune to unholy pain and torment.
You can survive without breathing.
You are in touch with the powers of death.


   Skills:
 - Level 12.0 Fighting
 - Level 12.2 Axes
 - Level 12.0 Armour
 + Level 9.1 Dodging
 - Level 6.0 Evocations


You had 13 spell levels left.
You didn't know any spells.

Action                   |  1- 3 |  4- 6 |  7- 9 | 10-12 | 13-15 || total
-------------------------+-------+-------+-------+-------+-------++-------
Melee: Whip              |   108 |   133 |   653 |       |       ||   894
       War axe           |       |       |    61 |   684 |   828 ||  1573
 Fire: Blowgun           |       |       |       |       |     4 ||     4
Throw: Tomahawk          |       |     1 |    13 |    44 |    13 ||    71
Evoke: Wand              |       |       |    15 |    21 |    22 ||    58
       Phantom mirror    |       |       |       |       |     1 ||     1
  Use: Scroll            |       |     6 |     6 |     5 |    11 ||    28
 Stab: Distracted        |       |     1 |     1 |       |     2 ||     4
       Confused          |       |       |     3 |     1 |     1 ||     5
       Invisible         |       |       |     1 |       |       ||     1
       Paralysed         |       |       |       |     2 |     5 ||     7
Armor: Leather armour    |    54 |    40 |    28 |       |       ||   122
       Plate armour      |       |       |   455 |   410 |   447 ||  1312
       Chain mail        |       |       |       |       |    95 ||    95
Dodge: Dodged            |    61 |    68 |   156 |   154 |   264 ||   703
Block: Buckler           |       |       |   154 |   137 |   199 ||   490

Inventory:

Hand Weapons
 a - a +4 war axe of electrocution (weapon)
 d - a +4 whip
 p - a +0 blowgun
 E - a cursed +1 battleaxe
Missiles
 b - 6 poisoned tomahawks (quivered) {god gift}
 m - 3 throwing nets
 z - 19 javelins of returning
 G - 2 curare-tipped needles
Armour
 c - a +0 pair of boots (worn)
 g - a +0 plate armour of fire resistance
 l - a +0 pair of gloves (worn)
 t - a +2 buckler (worn)
 v - a +0 cloak (worn)
 F - the +1 ice dragon scales of the Many Dreams {rPois rF- rC++}
   (You found it in an ice cave)

   It makes you vulnerable to fire.
   It greatly protects you from cold.
   It protects you from poison.
 H - a +1 plate armour of magic resistance (worn)
 J - a +2 helmet of intelligence (worn)
Jewellery
 w - an uncursed ring of stealth
 x - an uncursed ring of see invisible
 A - the ring of Eshrifaso (right hand) {rPois rF++ rC+ Str+3}
   (You bought it in a shop on level 6 of the Dungeon)

   [ring of strength]

   It affects your strength (+3).
   It greatly protects you from fire.
   It protects you from cold.
   It protects you from poison.
 D - a +5 ring of protection (left hand)
 K - a +4 ring of dexterity
 L - an uncursed amulet of magic regeneration
 N - a cursed amulet of inaccuracy {unknown}
Wands
 o - a wand of disintegration (9)
 r - a wand of digging (13)
 s - a wand of polymorph (19)
 B - a wand of iceblast (5)
 C - a wand of clouds (10)
 M - a wand of acid (12)
 O - a wand of paralysis (17)
 P - a wand of enslavement (8)
 Q - a wand of flame (37)
Scrolls
 e - 2 scrolls of enchant weapon
 f - 4 scrolls of enchant armour
 h - 4 scrolls of amnesia
 i - 7 scrolls of remove curse
 j - 4 scrolls of teleportation
 k - 2 scrolls of magic mapping
 n - 2 scrolls of immolation
 q - a scroll of silence
 u - 6 scrolls of identify
 y - 6 scrolls of fog
 I - a scroll of vulnerability

#........(##'#####..##....
#.........+..........#....
#.....(...#..........#....
########.........####+#######....
#........####...........#..##..##
#......#....+.4.........#..##..##
#......#....#.4@>.......#.......'
#......'....#.4.(.......#.......#
#......##+###...@.......#..###..#
###+##.....#######.....##..###..#
#.....#.....#.(...#.....#...
#.....#.....#.....#.....#...
#.....#.....#.<...#.....#...
#.....'†....#....>#.....#...
#.....#.....#.....#.....#...
'##.....#######..>..##########
......................., , ,..


You could see Frances, an orange demon, a rust devil and a chaos spawn.

Vanquished Creatures
  A tentacled starspawn (Abyss:2)
  Kirke (D:13)
  A minotaur (Lab)
  Snorg (D:10)
  Harold (D:10)
  4 hydras
  2 centaur warriors
  Erica (Lair:1)
  7 two-headed ogres
  A deep elf knight (D:13)
  A skeletal warrior (D:13)
  3 unseen horrors
  5 deep elf magi
  8 ugly things
  A manticore (D:9)
  4 elephants (Lair:6)
  3 black mambas
  Joseph (D:7)
  3 ice statues (IceCv)
  10 spiny frogs
  2 centaur zombies
  3 gargoyles
  6 komodo dragons
  An efreet (D:8)
  A rime drake (Lair:6)
  A freezing wraith (D:15)
  5 jumping spiders (Lair:3)
  7 trolls
  3 meliai (D:13)
  A queen bee (Lair:3)
  6 hippogriffs
  The ghost of Curus the Changer, an amateur MfTm (D:4)
  7 slime creatures
  13 blink frogs
  3 wraiths
  6 redbacks
  2 vampires
  The ghost of 4thArraOfDagon the Skirmisher, an amateur DDWn (D:6)
  A tarantella (shapeshifter) (D:14)
  41 yaks
  A human (shapeshifter) (D:10)
  6 wyverns
  A fire bat (Lair:2)
  4 basilisks
  4 hungry ghosts
  4 hogs (D:13)
  A warg (D:4)
  11 water moccasins
  A hell hound (D:8)
  9 ice beasts
  4 orc warriors
  5 porcupines
  4 sky beasts
  An eye of draining (D:13)
  A hornet zombie (D:10)
  A black bear (D:11)
  4 wolves (Lair:6)
  3 phantoms
  7 ogres
  A necrophage (D:11)
  2 boggarts
  12 centaurs
  A wolf (shapeshifter) (D:6)
  13 big kobolds
  7 crocodiles
  16 bullfrogs
  5 scorpions
  27 killer bees
  12 wights (D:13)
  A howler monkey (D:11)
  2 electric eels
  5 crimson imps
  A lava snake (Lair:3)
  3 quasits
  6 jellies
  6 bullfrog skeletons
  5 hounds
  6 orc priests
  3 centaur skeletons
  10 iguanas
  12 orc wizards
  8 worker ants
  2 hound skeletons
  A worker ant zombie (D:6)
  4 gnolls
  12 adders
  A river rat (Sewer)
  3 shadow imps
  12 white imps (Lair:5)
  3 oozes
  An adder skeleton (D:4)
  4 worms
  A dart slug (D:1)
  6 leopard geckos
  40 orcs
  6 hobgoblins
  12 jackals
  11 quokkas
  A ball python (D:3)
  9 bats
  7 frilled lizards
  11 goblins
  A jackal skeleton (D:6)
  68 kobolds
  A leopard gecko skeleton (D:5)
  7 rats
  A bush (Lair:2)
  10 fungi
  7 plants
  A starspawn tentacle (Abyss:2)
649 creatures vanquished.

Vanquished Creatures (collateral kills)
  A human (D:7)
  4 hogs (D:7)
  3 big kobolds
  An orc priest (D:4)
  An orc wizard (D:4)
  A worker ant (D:13)
  2 adders (D:4)
  2 orcs (D:4)
  A jackal (Sewer)
  6 kobolds
22 creatures vanquished.

Vanquished Creatures (others)
  2 humans
  An iron imp (Abyss:2)
  An orc wizard (D:8)
  An adder (D:5)
  3 orcs
  A bush (Lair:2)
  16 fungi
  3 plants
  3 starspawn tentacles (Abyss:2)
31 creatures vanquished.

Grand Total: 702 creatures vanquished

Vault maps used:
D:1:      giann_forest_graveyard
D:2:      hangedman_feature_mirror, hex_intersection
D:4:      serial_shops, kennysheep_mini_moat
D:5:      minmay_temple_entry_mist, first_ration, portal_sewer_entry_d,
          minmay_strange_pillars
D:6:      minmay_goblin_kobold_castle, serial_shops, nicolae_shop_stone,
          fedhas_altar_3
D:7:      lemuel_crystal_altar, grunt_livestock, solitary_fountain,
          palyth_stone_intersect, uniq_joseph
D:8:      minmay_lair_entry_lava, serial_shops, nicolae_shop_stone,
          kennysheep_generic_room_2
D:9:      orc_david_3, kb_rosetta
D:10:     tgw_kikubaaqudgha, uniq_harold, uniq_snorg
D:11:     lemuel_ice_spiral_2, nicolae_dithmenos_shadow_blocks
D:13:     hangedman_vaults_entry_quadrant_bands, basic_altar, uniq_kirke
D:14:     serial_park_tiny_1, basic_altar, uniq_frances
D:15:     gammafunk_enter_depths_forms, serial_shops, shop, shop,
          nicolae_shop_behind_doors, nicolae_shop_waterfront,
          nicolae_shop_behind_doors, minmay_hedge_maze, uniq_urug, uniq_louise
Lair:1:   uniq_erica
Lair:2:   grunt_megastairs_2, lemuel_fruit_fields, lemuel_fruit_tree,
          infiniplex_staircase_pool_2, uniq_sonja
Lair:3:   nicolae_spider_entry_tight_spaces, special_room
Lair:4:   minmay_shoals_entry_centaurs, beast_lair_carwin_6
Lair:5:   lab_entry_generic, portal_ice_cave_entry_imps
Lair:6:   due_jungle_book, dpeg_slime_entry_corner
Abyss:2:  minivault_23
Lab:      labyrinth_watery, nicolae_lab_big_swirl, lab_statue,
          nicolae_lab_blocks, nicolae_lab_swirl
Sewer:    sewer_kobolds
IceCv:    ice_cave_statue_garden_chambered


Message History

The orange demon closely misses you. x2
You hit the chaos spawn but do no damage.
Lightning courses through the chaos spawn!
The chaos spawn is severely wounded.
You slash the orange demon!
Lightning courses through the orange demon!
You closely miss Frances. Frances hits you but does no damage.
The chaos spawn closely misses you. The orange demon barely misses you.
The orange demon closely misses you.
Frances mutters in a terrible tongue.
The shard of ice hits you! You partially resist.
* * * LOW HITPOINT WARNING * * *
The orange demon stings you.
* * * LOW HITPOINT WARNING * * *
The orange demon hits you but does no damage.
You feel less confused.
Frances speaks in an indecipherable language.
Frances hits you from afar with a trident of pain!!
You die...
Xom titters!

Notes
Turn   | Place    | Note
-------+----------+-------------------------------------------
     0 | D:1      | Serpenta the Mummy Chaos Knight began the quest for the Orb.
     0 | D:1      | Reached XP level 1. HP: 18/18 MP: 1/1
    91 | D:1      | XOM: severe Erth miscast
   231 | D:1      | Reached XP level 2. HP: 19/24 MP: 2/2
   332 | D:1      | XOM: blink monster(s)
   377 | D:1      | XOM: noise
   755 | D:1      | Reached XP level 3. HP: 29/29 MP: 3/3
   936 | D:2      | XOM: mild Necr miscast
   985 | D:2      | XOM is BORED!
   985 | D:2      | XOM: stat loss: -3 Int (8/11)
  1091 | D:2      | XOM: divination: detect items
  1480 | D:2      | XOM: 1-stop teleportation journey
  1631 | D:3      | XOM: cleaving
  1650 | D:3      | Reached XP level 4. HP: 31/35 MP: 4/4
  1799 | D:3      | XOM: god gift: 8 poisoned tomahawks {god gift}
  2023 | D:3      | XOM: butterfly on damage
  2185 | D:3      | Reached XP level 5. HP: 29/41 MP: 5/5
  2321 | D:3      | XOM: cloud trail
  2650 | D:4      | XOM: noise
  2822 | D:4      | XOM: god gift: bubbling brown potion {god gift}
  2979 | D:4      | Reached XP level 6. HP: 49/49 MP: 6/6
  2995 | D:4      | XOM: summons 6 friendly demons
  3214 | D:4      | Reached skill level 5 in Fighting
  3242 | D:4      | Noticed Curus's ghost (amateur MfTm)
  3279 | D:4      | XOM: confusion
  3284 | D:4      | XOM: noise
  3289 | D:4      | Killed Curus's ghost
  3289 | D:4      | Reached XP level 7. HP: 23/58 MP: 7/7
  3478 | D:4      | XOM: polymorph scorpion -> warg
  3479 | D:4      | XOM: swap monsters
  3555 | D:4      | Reached skill level 5 in Axes
  3629 | D:4      | Found Fopre's Gadget Shoppe.
  3632 | D:4      | Bought a wand of polymorph (13) for 150 gold pieces
  3682 | D:4      | XOM: summons 1 hostile demon
  3683 | D:4      | Noticed a hellwing
  3695 | D:4      | XOM: fog
  3875 | D:4      | XOM: divination: detect items
  3921 | D:4      | XOM: harmless Tmut miscast
  3930 | D:4      | Reached skill level 1 in Evocations
  4197 | D:4      | XOM: harmless Chrm miscast
  4210 | D:4      | XOM: confusion
  4399 | D:4      | XOM: medium Hex miscast
  4553 | D:5      | Entered Level 5 of the Dungeon
  4606 | D:5      | XOM: mild Pois miscast
  4677 | D:5      | Found a glowing drain.
  4686 | Sewer    | Entered a sewer
  4766 | Sewer    | XOM: summons 6 friendly demons
  4788 | Sewer    | Found a white marble altar of Elyvilon.
  4880 | D:5      | XOM: mild Summ miscast
  4906 | D:5      | XOM: destruction
  4947 | D:5      | XOM: polymorph gnoll -> jackal
  5005 | D:5      | Found a staircase to the Ecumenical Temple.
  5061 | D:5      | XOM: medium Conj miscast
  5158 | D:5      | XOM: polymorph centaur -> killer bee
  5469 | D:6      | XOM: confuse monster(s)
  5487 | D:6      | Reached XP level 8. HP: 50/65 MP: 10/10
  5760 | D:6      | Reached skill level 5 in Evocations
  5834 | D:6      | XOM: smoke on damage
  6046 | D:6      | XOM: polymorph centaur -> ooze
  6102 | D:6      | Found a blossoming altar of Fedhas.
  6116 | D:6      | Found Tonnew's Jewellery Boutique.
  6211 | D:6      | Noticed 4thArraOfDagon's ghost (amateur DDWn)
  6215 | D:6      | XOM: summons 8 friendly demons
  6217 | D:6      | XOM: cloud trail
  6272 | D:6      | Killed 4thArraOfDagon's ghost
  6312 | D:6      | XOM: harmless Conj miscast
  6517 | D:6      | XOM: harmless Ice miscast
  6780 | D:6      | XOM: swap monsters
  6885 | D:6      | XOM: fog
  6900 | D:6      | XOM: confuse monster(s)
  6918 | D:6      | XOM: summons 6 friendly demons
  7095 | D:6      | XOM: chaos cloud
  7098 | D:6      | Paralysed by you for 7 turns
  7131 | D:6      | XOM: cast spell 'Leda's Liquefaction'
  7147 | D:6      | XOM: fog
  7163 | D:6      | XOM: fog
  7187 | D:6      | Reached XP level 9. HP: 57/71 MP: 13/13
  7229 | D:6      | XOM: mild Ice miscast
  7331 | D:6      | XOM: divination: magic mapping
  7469 | D:7      | Found an iron altar of Okawaru.
  7497 | D:7      | XOM: 2-stop teleportation journey
  7541 | D:7      | Reached skill level 5 in Armour
  7574 | D:7      | XOM: god gift: 7 rations {god gift}
  7702 | D:7      | XOM: scenery: 1 doors open
  7830 | D:7      | XOM: polymorph bullfrog -> worker ant
  7905 | D:7      | XOM: 3-stop teleportation journey
  7907 | D:7      | XOM: scenery: create altars
  8222 | D:7      | Noticed Joseph
  8225 | D:7      | XOM: mild Air miscast
  8306 | D:6      | XOM: repel stairs
  8308 | D:6      | XOM: medium Fire miscast
  8529 | D:6      | XOM: summons 2 hostile shadow creatures
  8610 | D:6      | XOM: harmless Summ miscast
  8904 | D:7      | XOM: scenery: create altars
  9005 | D:7      | Killed Joseph
  9301 | D:8      | Reached XP level 10. HP: 66/80 MP: 14/14
  9316 | D:8      | XOM: mild Fire miscast
  9514 | D:8      | Found Afrinkyri's Book Emporium.
  9546 | D:8      | Found a staircase to the Lair.
  9711 | D:8      | Noticed a two-headed ogre
  9714 | D:8      | Killed a two-headed ogre
  9894 | D:8      | XOM: summons 10 friendly demons
  9913 | D:8      | XOM: scenery: create altars
 10308 | D:8      | XOM: polymorph hell hound -> efreet
 10390 | D:9      | XOM: butterfly on damage
 10592 | D:9      | XOM: 6-stop teleportation journey
 10599 | D:9      | XOM: summons 7 friendly demons
 10661 | D:9      | Noticed a manticore
 10662 | D:9      | XOM: cast spell 'Ring of Flames'
 10672 | D:9      | Killed a manticore
 11047 | D:9      | Found Kagiuxkyl's Weapon Shoppe.
 11147 | D:9      | Found a staircase to the Orcish Mines.
 11287 | D:9      | XOM: scenery: create altars
 11365 | D:9      | XOM: god gift: wand of polymorph (16) {god gift}
 11452 | D:10     | Entered Level 10 of the Dungeon
 11508 | D:10     | XOM: scenery: 2 doors open, 1 doors close
 11509 | D:10     | Noticed Snorg
 11513 | D:10     | XOM: scenery: 1 doors open
 11609 | D:10     | XOM: fake destruction
 11713 | D:9      | XOM: mild Pois miscast
 11759 | D:6      | XOM: god gift: robe {god gift}
 11783 | D:6      | Bought the ring of Eshrifaso {rPois rF++ rC+ Str+3} for 668 gold pieces
 11997 | Lair:1   | Entered Level 1 of the Lair of Beasts
 12002 | Lair:1   | Reached skill level 10 in Axes
 12131 | Lair:1   | Reached XP level 11. HP: 79/86 MP: 15/15
 12640 | Lair:1   | XOM: summons 2 hostile shadow creatures
 12749 | Lair:1   | XOM: severe Tmut miscast
 13082 | Lair:1   | XOM: god gift: 26 gold pieces {god gift}
 13281 | Lair:1   | Noticed Erica
 13281 | Lair:1   | XOM: harmless Hex miscast
 13283 | Lair:1   | Killed Erica
 13478 | Lair:1   | XOM: harmless Chrm miscast
 13754 | Lair:2   | Noticed Sonja
 13759 | Lair:2   | Noticed Sonja
 13759 | Lair:2   | Sonja changed into Sonja the fire bat
 13767 | Lair:2   | Killed Sonja the fire bat
 13818 | Lair:2   | XOM: scenery: create altars
 13832 | Lair:2   | XOM: confuse monster(s)
 13859 | Lair:2   | XOM: potion effect (brilliance)
 14137 | Lair:2   | XOM: potion effect (haste)
 14140 | Lair:2   | XOM: potion effect (haste)
 14146 | Lair:2   | XOM: summons 2 friendly demons
 14148 | Lair:2   | XOM: confuse monster(s)
 14441 | Lair:2   | XOM: enchant monster (bad)
 14505 | Lair:2   | XOM: harmless Fire miscast
 14636 | Lair:2   | Noticed a six-headed hydra
 14641 | Lair:2   | Killed a six-headed hydra
 14760 | Lair:2   | XOM: enchant monster (good)
 14767 | Lair:2   | XOM: swap monsters
 14775 | Lair:2   | XOM: divination: detect creatures
 15268 | Lair:3   | XOM: divination: detect creatures
 15308 | Lair:3   | XOM: divination: detect items
 15343 | Lair:3   | XOM: divination: magic mapping
 15579 | Lair:3   | XOM: potion effect (might)
 15822 | D:10     | Noticed Harold
 15836 | D:10     | XOM: silly message
 15843 | D:10     | Killed Harold
 15943 | D:10     | XOM: 4-stop teleportation journey
 16235 | D:10     | Found an ancient bone altar of Kikubaaqudgha.
 16246 | D:10     | Killed Snorg
 16348 | D:10     | XOM: stat loss: -1 Str (22/23)
 16541 | D:10     | XOM is BORED!
 16541 | D:10     | XOM: mild Tmut miscast
 16646 | D:10     | XOM: enchant monster (bad)
 16653 | D:10     | Reached XP level 12. HP: 75/92 MP: 16/16
 16736 | D:10     | XOM: harmless Ice miscast
 16992 | D:10     | XOM: 1-stop teleportation journey
 17127 | D:10     | Noticed a two-headed ogre
 17131 | D:10     | Killed a two-headed ogre
 17467 | D:11     | Found a shadowy altar of Dithmenos.
 17510 | D:11     | XOM: silly message
 17571 | D:11     | XOM: harmless Ice miscast
 17638 | D:11     | Noticed a two-headed ogre
 17647 | D:11     | Killed a two-headed ogre
 18016 | D:11     | XOM: harmless Summ miscast
 18019 | D:11     | XOM: divination: magic mapping
 18594 | D:12     | XOM: potion effect (brilliance)
 18732 | D:12     | XOM: harmless Chrm miscast
 18802 | D:12     | Reached skill level 10 in Armour
 18989 | D:12     | Noticed a two-headed ogre
 18990 | D:12     | XOM: divination: detect creatures
 19001 | D:12     | Killed a two-headed ogre
 19087 | D:12     | XOM: mild Tloc miscast
 19295 | D:12     | XOM: harmless Tloc miscast
 19935 | D:13     | XOM: enchant monster (good)
 20089 | D:13     | Gained mutation: You are in touch with the powers of death. [Mummy growth]
 20089 | D:13     | Reached XP level 13. HP: 95/101 MP: 17/17
 20100 | D:13     | XOM: cloud trail
 20179 | D:13     | XOM: cast spell 'Alistair's Intoxication'
 20190 | D:13     | Noticed Kirke
 20236 | D:13     | XOM: summons friendly crimson imp
 20238 | D:13     | XOM: divination: magic mapping
 20249 | D:13     | Killed Kirke
 20810 | D:13     | Reached skill level 10 in Fighting
 20858 | D:13     | XOM: mild Summ miscast
 20893 | D:13     | XOM: god gift: fuming inky potion {god gift}
 21253 | D:13     | Found an opulent altar of Gozag.
 21706 | D:13     | XOM: harmless Pois miscast
 21931 | D:13     | XOM: divination: detect items
 22020 | D:13     | Cast into level 2 of the Abyss (Xom)
 22022 | Abyss:2  | oh for...
 22123 | Abyss:2  | Noticed a tentacled starspawn
 22138 | Abyss:2  | XOM: enchant monster (good)
 22142 | Abyss:2  | XOM: summons 7 friendly demons
 22144 | Abyss:2  | Killed a tentacled starspawn
 22273 | Abyss:2  | XOM: enchant monster (good)
 22305 | Abyss:2  | XOM: confuse monster(s)
 22306 | Abyss:2  | Noticed a tentacled starspawn
 22310 | Abyss:2  | XOM: summons 2 friendly demons
 22315 | Abyss:2  | Found a corrupted altar of Lugonu.
 22352 | D:13     | Escaped the Abyss
 22381 | D:12     | XOM: god gift: 61 gold pieces {god gift}
 22676 | Lair:3   | Found a hole to the Spider Nest.
 22685 | Lair:3   | XOM: enchant monster (good)
 22867 | Lair:3   | XOM: cloud trail
 22871 | Lair:3   | XOM: god gift: 16 stones {god gift}
 22919 | Lair:3   | XOM: god gift: 20 gold pieces {god gift}
 23154 | Lair:4   | Found a staircase to the Shoals.
 23275 | Lair:3   | XOM: confuse monster(s)
 23895 | Lair:4   | XOM: potion effect (brilliance)
 23989 | Lair:5   | Found a labyrinth entrance.
 24002 | Lab      | Entered a labyrinth
 24065 | Lab      | XOM: mild Conj miscast
 24192 | Lab      | Noticed a minotaur
 24197 | Lab      | Killed a minotaur
 24248 | Lair:5   | XOM: medium Hex miscast
 24260 | Lair:5   | XOM: scenery: create altars
 24282 | Lair:5   | Found a frozen archway.
 24298 | IceCv    | Entered an ice cave
 24365 | IceCv    | XOM: 7-stop teleportation journey
 24680 | IceCv    | XOM: scenery: create altars
 24704 | IceCv    | XOM: confuse monster(s)
 24842 | IceCv    | XOM: destruction
 24844 | IceCv    | XOM: polymorph ice beast -> warg
 24867 | IceCv    | XOM: god gift: morningstar {god gift}
 25016 | IceCv    | Got slimy ice dragon scales
 25027 | IceCv    | Identified the cursed +1 ice dragon scales of the Many Dreams {rPois rF- rC++} (You found it in an ice cave)
 25172 | Lair:5   | XOM: divination: magic mapping
 25177 | Lair:5   | Reached skill level 1 in Dodging
 25178 | Lair:5   | XOM: 4-stop teleportation journey
 25234 | Lair:5   | XOM: scenery: create altars
 25538 | Lair:4   | XOM: summons 4 hostile shadow creatures
 25606 | Lair:4   | XOM: god gift: leather armour {god gift}
 26094 | Lair:3   | XOM: smoke on damage
 26269 | Lair:3   | XOM: harmless Fire miscast
 26308 | Lair:3   | XOM: cloud trail
 26528 | D:6      | Bought a +5 ring of protection for 715 gold pieces
 26683 | Lair:4   | XOM: cloud trail
 27091 | Lair:5   | XOM: divination: magic mapping
 27134 | Lair:5   | XOM: noise
 27220 | Lair:5   | XOM: harmless Hex miscast
 27344 | Lair:5   | XOM: summons 6 hostile demons
 27430 | Lair:6   | Entered Level 6 of the Lair of Beasts
 27462 | Lair:6   | XOM is BORED!
 27462 | Lair:6   | XOM: summons 6 hostile demons
 27466 | Lair:6   | Reached XP level 14. HP: 115/115 MP: 18/18
 27505 | Lair:6   | XOM: noise
 27954 | Lair:6   | XOM: noise
 27955 | Lair:6   | XOM: summons 4 friendly demons
 27990 | Lair:6   | XOM: polymorph crimson imp -> iron imp
 28071 | Lair:6   | XOM: polymorph yak -> troll
 28077 | Lair:6   | Reached skill level 5 in Dodging
 28079 | Lair:6   | XOM: harmless Hex miscast
 28092 | Lair:6   | XOM: silly message
 28093 | Lair:6   | XOM: harmless Chrm miscast
 28613 | Lair:6   | XOM: noise
 28849 | Lair:6   | Found a staircase to the Slime Pits.
 29252 | Lair:6   | XOM: summons 5 hostile demons
 29508 | D:13     | XOM: noise
 29521 | D:13     | XOM: silly message
 29849 | D:13     | Found a gate to the Vaults.
 30064 | D:14     | XOM: harmless Tloc miscast
 30112 | D:14     | XOM is BORED!
 30112 | D:14     | XOM: medium Tloc miscast
 30114 | D:14     | Noticed Frances
 30114 | D:14     | XOM: 2-stop teleportation journey
 30296 | D:14     | XOM: harmless Necr miscast
 30535 | D:14     | XOM: summons friendly white imp
 30593 | D:14     | XOM: butterfly on damage
 30606 | D:14     | XOM: noise
 30615 | D:14     | XOM: polymorph slime creature -> faun
 30817 | D:14     | XOM: mild Tmut miscast
 31067 | D:14     | XOM: divination: magic mapping
 31169 | D:15     | Entered Level 15 of the Dungeon
 31188 | D:14     | XOM is BORED!
 31313 | D:14     | Found a white marble altar of Elyvilon.
 31363 | D:14     | Mangled by Frances
